 Dungeon Crawl Stone Soup version 0.29-a0-330-g52719c12eb (webtiles) character file.

Game seed: 11007914880284688946

93 kae the Firebug (level 4, 0/28 HPs)
             Began as an Octopode Fire Elementalist on Apr 18, 2022.
             Slain by an orc
             ... wielding a +0 dagger
              (3 damage)
             ... on level 3 of the Dungeon.
             The game lasted 00:01:01 (2860 turns).

kae the Firebug (Octopode Fire Elementalist)        Turns: 2860, Time: 00:01:02

Health: 0/28       AC:  1    Str:  7    XL:     4   Next: 61%
Magic:  1/7        EV: 13    Int: 19    God:
Gold:   172        SH:  0    Dex: 12    Spells: 1/7 levels left

rFire   + . .      SeeInvis .   b - +1 club
rCold   + . .      Faith    .   (no shield)
rNeg    . . .      Spirit   .   (helmet restricted)
rPois   +          Reflect  .   k - amulet of the acrobat
rElec   +          Harm     .   (no ring)
rCorr   +          Rampage  .   (no ring)
Will    .....                   (no ring)
Stlth   ++........              (no ring)
HPRegen 0.09/turn               (no ring)
MPRegen 0.10/turn               (no ring)
                                (no ring)
                                (no ring)

@: confused, about to teleport, resistant, attractive
A: almost no armour, amphibious, 8 rings, camouflage 1, gelatinous body 1,
(nimble swimmer 1), tentacles
a: no special abilities


You were on level 3 of the Dungeon.
You visited 1 branch of the dungeon, and saw 3 of its levels.

You collected 172 gold pieces.

Inventory:

Hand Weapons
 b - a +1 club (weapon)
Jewellery
 k - an amulet of the acrobat (around mantle)
Scrolls
 d - a scroll of summoning
 f - a scroll of enchant weapon
 g - a scroll of identify {unknown}
 h - a scroll of teleportation
Potions
 a - a potion of magic
 j - a potion of heal wounds {unknown}


   Skills:
 + Level 1.1 Fighting
 + Level 2.5 Dodging
 + Level 3.4 Stealth
 + Level 2.4 Spellcasting
 + Level 1.6 Conjurations
 * Level 3.9 Fire Magic


You had one spell level left.
You knew the following spells:

 Your Spells              Type           Power      Damage    Failure   Level
a - Foxfire               Conj/Fire      48%        2x1d6     5%          1
b - Scorch                Fire           34%        2d6       4%          2
c - Conjure Flame         Conj/Fire      12%        6-21      16%         3

Your spell library contained the following spells:

 Spells                   Type           Power      Damage    Failure   Level
 Freeze                   Ice            8%         1d3       16%         1
 Inner Flame              Hex/Fire       9%         N/A       22%         3
 Dazzling Flash           Conj/Hex       10%        N/A       34%         3
 Frozen Ramparts          Ice            4%         1d2       43%         3
 Flame Wave               Conj/Fire      12%        2d6       45%         4
 Hailstorm                Conj/Ice       5%         3d4       75%         4
 Agony                    Necr           2%         N/A       99%         5
 Silence                  Hex/Air        1%         N/A       99%         5


Dungeon Overview and Level Annotations

Branches:
Dungeon (3/15)

Altars:

Annotations:
D:2 Terence


Innate Abilities, Weirdness & Mutations

You cannot wear most types of armour.
You are amphibious.
You can wear up to eight rings at the same time.
Your skin changes colour to match your surroundings (Stealth+).
Your rubbery body absorbs attacks. (AC +1, EV +1)
((You are camouflaged when in or above water. (Stealth+)))
You have tentacles for arms and can constrict up to eight enemies at once.


Message History

The orc wizard casts a spell at you.
You are confused.
The foxfire hits something. x2; The orc completely misses you.
The orc wizard closely misses you. Something hits you but does no damage.
There are monsters nearby!
You're too confused to cast spells.
You're too confused to cast spells.
It was a potion of resistance.
You feel protected. Something hits you.
* * * LOW HITPOINT WARNING * * *
The orc closely misses you. The orc wizard completely misses you.
It was a potion of attraction.
You feel attractive to monsters. Something hits you.
* * * LOW HITPOINT WARNING * * *
The orc hits you with a +0 dagger.
* * * LOW HITPOINT WARNING * * *
The orc wizard completely misses you.
It was a potion of curing.
You feel better. Something hits you but does no damage.
The orc hits you but does no damage.
The orc wizard hits you with a +0 dagger.
As you read the scroll of teleportation, it crumbles to dust.
You feel strangely unstable.
You hear some strange, mumbled words.
You are confused.
The orc hits you with a +0 dagger.
The orc wizard hits you with a +0 dagger.
* * * LOW HITPOINT WARNING * * *
You bump into the rock wall.
You hear some strange, mumbled words.
A puff of flame appears from out of thin air!
The puff of flame misses you. The orc hits you with a +0 dagger.
* * * LOW HITPOINT WARNING * * *
The orc wizard misses you.
You closely miss the orc.
You hear some strange, mumbled words.
Something tries to affect you, but you resist.
The orc hits you with a +0 dagger.
You die...

## ###.≈ .#
########.....≈
.##########.....@o......
................{o...#..
.######.......####)...#
.####...####..)..#....#
........#..#..#..# ...#
#####...#..'..#### ..##
# ##....####).)..# ..
..##..........#..# .$.
.........P....####


You could see an orc wizard and an orc.

Vanquished Creatures
  4 adders
  A worm (D:2)
  2 dart slugs
  2 orcs (D:3)
  3 ball pythons
  6 bats
  3 endoplasms
  4 giant cockroaches
  6 goblins
  3 hobgoblins
  2 jackals (D:2)
  2 quokkas (D:2)
  2 frilled lizards
  3 kobolds
  3 rats
46 creatures vanquished.

Vanquished Creatures (collateral kills)
  3 foxfires (D:3)
3 creatures vanquished.

Vanquished Creatures (others)
  192 foxfires
  4 plants
196 creatures vanquished.

Grand Total: 245 creatures vanquished

Notes
Turn   | Place    | Note
-------+----------+-------------------------------------------
     0 | D:1      | kae the Octopode Fire Elementalist began the quest for the
                  | Orb.
     0 | D:1      | Reached XP level 1. HP: 11/11 MP: 3/3
   222 | D:1      | Reached XP level 2. HP: 11/17 MP: 3/5
   961 | D:1      | Reached XP level 3. HP: 19/22 MP: 2/6
   964 | D:1      | Learned a level 2 spell: Scorch
   968 | D:1      | Learned a level 3 spell: Conjure Flame
  1124 | D:1      | Found a faded altar of an unknown god.
  2098 | D:2      | Reached XP level 4. HP: 27/27 MP: 5/7
  2142 | D:2      | Noticed Terence
  2712 | D:3      | Reached skill level 1 in Fighting
  2860 | D:3      | Slain by an orc

Illustrated notes

Levels and vault maps discovered:
D:1:      nzn_arrival_crosshair, layout_basic,
          shapermc_ecumenical_altar_mp_urbaneastern
D:2:      layout_basic, uniq_terence
D:3:      corexii_shack_village, layout_rooms, lemuel_zombie_altar_yredelemnul,
          serial_shops, nicolae_shop_waterfront

Skill      XL: |  1  2  3  4 |
---------------+-------------+-----
Stealth        | 3 |  3.4
Fighting       | 1 |  1.1
Dodging        | |  2.5
Spellcasting   | |  2.4
Conjurations   | |  1.6
Fire Magic     | |  3.9

Action                   |  1- 3 |  4- 6 || total
-------------------------+-------+-------++-------
Melee: Club              |    16 |     3 ||    19
       Tentacles         |     5 |       ||     5
       Constrict         |     6 |       ||     6
       Unarmed           |     1 |       ||     1
       Punch             |     1 |       ||     1
 Cast: Foxfire           |    69 |    41 ||   110
  Use: Scroll            |     4 |     2 ||     6
       Potion            |       |     3 ||     3
 Stab: Sleeping          |     1 |       ||     1
Armor: Skin              |     9 |     3 ||    12
Dodge: Dodged            |    31 |    19 ||    50

Table legend: (Time is in decaauts)
 A = Elapsed time spent in this place.
 B = Non-inter-level travel time spent in this place.
 C = Inter-level travel time spent in this place.
 D = Time resting spent in this place.
 E = Time spent auto-exploring this place.
 F = Levels seen in this place.
 G = Mean time per level.
                   A        B        C        D        E       F      G
               +--------+--------+--------+--------+--------+-----+--------+
         Total |   2864 |   2832 |     32 |      0 |   2440 |   3 |  954.7 |
       Dungeon |   2864 |   2832 |     32 |      0 |   2440 |   3 |  954.7 |
               +--------+--------+--------+--------+--------+-----+--------+

Top non-repeatable levels by time:
     D:2: 1317 daAuts
     D:1: 1146 daAuts
     D:3: 400 daAuts
